 Dungeon Crawl Stone Soup version 0.23.2-40-g277498a001 (webtiles) character file.

Game seed: 16984450918515473885

824 Gildeon the Sneak (level 7, 0/49 HPs)
             Began as an Octopode Fighter on Oct 22, 2019.
             Was a Follower of Ashenzari.
             Slain by an ogre
             ... wielding a +0 giant club
              (15 damage)
             ... on level 5 of the Dungeon.
             The game lasted 00:16:58 (4723 turns).

Gildeon the Sneak (Octopode Fighter)                Turns: 4723, Time: 00:16:59

Health: 0/49       AC:  4    Str: 15    XL:     7   Next: 96%
Magic:  7/7        EV: 13    Int: 10    God:    Ashenzari [*.....]
Gold:   159        SH:  9    Dex: 14    Spells: 5/7 levels left

rFire    . . .     SeeInvis .   a - +0 trident (curse)
rCold    . . .     Gourm    .   b - +0 shield (curse)
rNeg     . . .     Faith    .   (helmet restricted)
rPois    .         Spirit   .   (no amulet)
rElec    .         Reflect  .   k - +3 ring of protection (curse)
rCorr    .         Harm     .   (no ring)
MR       .....                  (no ring)
Stlth    ++++......             (no ring)
HPRegen  0.16/turn              (no ring)
MPRegen  0.10/turn              (no ring)
                                (no ring)
                                (no ring)

@: no status effects
A: almost no armour, stealthy swim, amphibious, 8 rings, constrict 8, camouflage
1, gelatinous body 1
a: Curse Item, Scrying, Renounce Religion


You were on level 5 of the Dungeon.
You worshipped Ashenzari.
Ashenzari was aware of your devotion.
You were not hungry.

You visited 2 branches of the dungeon, and saw 6 of its levels.

You collected 159 gold pieces.

Inventory:

Hand Weapons
 a - a cursed +0 trident (weapon)
Missiles
 f - 116 stones (quivered)
 o - 122 arrows
Armour
 b - a cursed +0 shield (worn)
Jewellery
 k - a cursed +3 ring of protection (left tentacle)
Scrolls
 e - 4 scrolls of teleportation
 h - 2 scrolls of remove curse
 n - a scroll of magic mapping {unknown}
 p - a scroll of identify
Potions
 c - 2 potions of might
 g - 2 potions of lignification
 i - a potion of heal wounds
 j - 3 potions of curing
 l - a potion of cancellation {unknown}
 m - a potion of brilliance
Comestibles
 d - 5 rations


   Skills:
 + Level 4.8 Fighting
 + Level 4.3 Polearms
 + Level 4.8 Dodging
 - Level 5.0 Stealth
 + Level 4.8 Shields
 + Level 0.5 Spellcasting


You had 5 spell levels left.
You knew the following spells:

 Your Spells              Type           Power        Failure   Level  Hunger
a - Sticks to Snakes      Tmut           #.......     90%         2    ###....

Your spell library contained the following spells:

 Spells                   Type           Power        Failure   Level  Hunger
 Beastly Appendage        Tmut           #.....       80%         1    ##.....
 Spider Form              Tmut/Pois      #.........   99%         3    ####...
 Ice Form                 Ice/Tmut       #.......     100%        4    #####..
 Blade Hands              Tmut           #.........   100%        5    ######.


Dungeon Overview and Level Annotations

Branches:
Dungeon (5/15)             Temple (1/1) D:4

Altars:
Ashenzari
Kikubaaqudgha
Qazlal
Xom
The Shining One

Shops:
D:5 (

Annotations:
D:4 Grinder
D:5 exclusions: orc, 2 orc priests, quokka and zombie


Innate Abilities, Weirdness & Mutations

You cannot wear most types of armour.
You are very stealthy in the water. (Stealth+)
You are amphibious.
You can wear up to eight rings at the same time.
You can use your tentacles to constrict eight enemies at once.
Your skin changes colour to match your surroundings (Stealth+).
Your rubbery body absorbs attacks. (AC +1, EV +1)


Message History

The ogre is lightly wounded.
The iguana closely misses you. You block the ogre's attack.
You hit the ogre.
The ogre is moderately wounded.
The iguana bites you!
* * * LOW HITPOINT WARNING * * *
You block the iguana's attack. The ogre barely misses you.
Unknown command.
You block the iguana's attack.
You see here 3 stones.
You hit the iguana but do no damage. You grab the iguana.
You squeeze the iguana!
The iguana is heavily wounded.
You constrict the iguana, but do no damage.
The iguana closely misses you.
You release your grip on the iguana.
You hit the ogre. You squeeze the ogre!
The ogre is almost dead.
The ogre hits you with a +0 giant club!
You die...

#..###.....#
#.#.......##
#..........##
#..........#
##..........#
#...........#
#...........#
##(..lO.....#
#....@.....#
##.........#
#.........#
##.......##
##......#
#....### ###
##.### ....##
#.# ......#
#.#


You could see an ogre and an iguana.

Vanquished Creatures
  Sigmund (D:3)
  A sky beast (D:5)
  A phantom (D:5)
  2 hounds
  4 orc priests
  2 orc wizards
  2 iguanas (D:4)
  A worker ant (D:4)
  8 adders
  2 oozes
  An adder skeleton (D:4)
  2 worms
  2 dart slugs
  2 leopard geckos
  8 orcs
  4 giant cockroaches
  7 goblins
  8 hobgoblins
  3 jackals (D:5)
  A quokka (D:3)
  3 ball pythons
  8 bats
  5 frilled lizards
  10 kobolds
  3 rats
  A plant (D:2)
92 creatures vanquished.

Notes
Turn   | Place    | Note
-------+----------+-------------------------------------------
     0 | D:1      | Gildeon the Octopode Fighter began the quest for the Orb.
     0 | D:1      | Reached XP level 1. HP: 16/16 MP: 1/1
   246 | D:1      | Reached XP level 2. HP: 21/21 MP: 2/2
   396 | D:1      | Reached skill level 1 in Stealth
   689 | D:1      | Reached XP level 3. HP: 26/26 MP: 3/3
  1346 | D:2      | Found an ancient bone altar of Kikubaaqudgha.
  1491 | D:2      | Reached skill level 2 in Stealth
  1509 | D:2      | Reached XP level 4. HP: 30/31 MP: 4/4
  1532 | D:2      | Found a faded altar of an unknown god.
  1692 | D:3      | Noticed Sigmund
  1696 | D:3      | Killed Sigmund
  1696 | D:3      | Reached skill level 3 in Stealth
  1696 | D:3      | Reached XP level 5. HP: 37/37 MP: 5/5
  1722 | D:3      | Reached XP level 6. HP: 43/43 MP: 6/6
  1990 | D:3      | Learned a level 2 spell: Sticks to Snakes
  2663 | D:4      | Noticed Grinder
  2750 | D:4      | Reached skill level 4 in Stealth
  3014 | D:4      | Found a staircase to the Ecumenical Temple.
  3022 | Temple   | Entered the Ecumenical Temple
  3029 | Temple   | Became a worshipper of Ashenzari the Shackled
  3047 | D:4      | Found a stormy altar of Qazlal.
  3098 | D:4      | Reached XP level 7. HP: 34/48 MP: 7/7
  3607 | D:5      | Entered Level 5 of the Dungeon
  3735 | D:5      | Found Meluc's Antique Weapon Boutique.
  4394 | D:5      | Reached skill level 5 in Stealth
  4606 | D:5      | Reached * piety under Ashenzari
  4723 | D:5      | Slain by an ogre

Skill      XL: |  1  2  3  4  5  6  7 |
---------------+----------------------+-----
Stealth        | 1 2 3 4 5 |  5.0
Polearms       | 3 4 |  4.3
Shields        | 4 |  4.8
Fighting       | 4 |  4.8
Dodging        | 4 |  4.8
Spellcasting   | |  0.5

Action                   |  1- 3 |  4- 6 |  7- 9 || total
-------------------------+-------+-------+-------++-------
Melee: Trident           |    78 |    93 |    58 ||   229
       Constrict         |    20 |    24 |    13 ||    57
       Tentacles         |     9 |    22 |    17 ||    48
Throw: Stone             |     5 |     7 |    10 ||    22
Invok: Curse Item        |       |     3 |       ||     3
  Use: Scroll            |     3 |     5 |     2 ||    10
 Stab: Sleeping          |     5 |    12 |     2 ||    19
  Eat: Chunk             |     2 |     5 |     3 ||    10
       Ration            |       |       |     1 ||     1
Armor: Skin              |     7 |     7 |     6 ||    20
Dodge: Dodged            |    24 |    45 |    22 ||    91
Block: Shield            |    29 |    24 |    28 ||    81
